 Dungeon Crawl Stone Soup version 0.24.0-10-g970556be89 (webtiles) character file.

Game seed: 13454752612696060100, levelgen mode: deterministic

13019 Delamore the Severer (level 12, -5/106 HPs)
             Began as a Hill Orc Monk on Nov 4, 2019.
             Was a High Priest of Beogh.
             Slain by a 13-headed hydra (9 damage)
             ... on level 1 of the Lair of Beasts.
             The game lasted 00:56:57 (11405 turns).

Delamore the Severer (Hill Orc Monk)               Turns: 11405, Time: 00:56:58

Health: -5/106     AC:  9    Str: 19    XL:     12   Next: 1%
Magic:  14/14      EV: 12    Int: 10    God:    Beogh [*****.]
Gold:   445        SH: 18    Dex: 17    Spells: 11/11 levels left

rFire    + . .     SeeInvis .   z - +6 hand axe "Jaogg" {vamp, rPois rC+ Dex+4}
rCold    + . .     Gourm    .   B - +0 large shield
rNeg     . . .     Faith    +   x - +0 troll leather armour
rPois    +         Spirit   .   (no helmet)
rElec    .         Reflect  .   p - +0 cloak
rCorr    .         Harm     .   s - +0 pair of gloves
MR       .....                  d - +0 pair of boots
Stlth    ++........             b - amulet of faith
HPRegen  0.67/turn              a - ring of protection from fire
MPRegen  0.14/turn              D - +2 ring of evasion

@: studying Charms
A: walk on water
a: Smiting, Recall Orcish Followers, Give Item to Named Follower, Renounce
Religion


You were on level 1 of the Lair of Beasts.
You worshipped Beogh.
Beogh was extremely pleased with you.
You were not hungry.

You visited 3 branches of the dungeon, and saw 13 of its levels.

You collected 588 gold pieces.
You spent 143 gold pieces at shops.

Inventory:

Hand Weapons
 z - the +6 hand axe "Jaogg" (weapon) {vamp, rPois rC+ Dex+4}
   (You found it on level 4 of the Dungeon)

   It inflicts no extra harm, but heals its wielder when it wounds a living foe.
   It affects your dexterity (+4).
   It protects you from cold.
   It protects you from poison.
Missiles
 r - 13 poisoned darts (quivered)
Armour
 d - a +0 pair of boots (worn)
 g - +0 acid dragon scales
 p - a +0 cloak (worn)
 s - a +0 pair of gloves (worn)
 x - a +0 troll leather armour (worn)
 B - a +0 large shield (worn)
 C - a +4 ring mail of poison resistance
Jewellery
 a - a ring of protection from fire (left hand)
 b - an amulet of faith (around neck)
 f - an uncursed ring of wizardry
 v - an uncursed amulet of regeneration
 A - an uncursed ring of flight
 D - a +2 ring of evasion (right hand)
 L - the amulet of Diamired {*Drain +Blink rF- Regen+ SInv}
   (You found it on level 9 of the Dungeon)

   [amulet of regeneration]

   It makes you vulnerable to fire.
   It lets you see invisible.
   It lets you blink.
   It increases your rate of regeneration.
   It causes draining when unequipped.
 N - an uncursed amulet of the acrobat
Wands
 w - a wand of random effects (50)
 E - a wand of clouds (2)
 M - a wand of paralysis (7)
Scrolls
 e - 8 scrolls of teleportation
 i - a scroll of amnesia {unknown}
 j - 7 scrolls of remove curse
 l - 3 scrolls of magic mapping
 m - 2 scrolls of random uselessness
 o - a scroll of torment {unknown}
 q - 4 scrolls of enchant armour
 u - a scroll of blinking
 y - a scroll of enchant weapon {unknown}
 G - 2 scrolls of fear
 H - a scroll of immolation
 I - a scroll of acquirement {unknown}
 K - a scroll of holy word {unknown}
Potions
 h - 4 potions of degeneration
 k - a potion of agility
 t - a potion of mutation
 F - 3 potions of lignification
 J - a potion of cancellation
 P - a potion of curing
 Q - a potion of flight
Books
 n - a manual of Charms
Comestibles
 c - 25 rations
 O - 15 chunks of flesh


   Skills:
 * Level 9.6 Fighting
 + Level 15.3 Axes
 * Level 7.4 Armour
 - Level 2.6 Dodging
 - Level 1.6 Stealth
 + Level 10.7 Shields
 + Level 3.1 Invocations
 + Level 1.7 Evocations


You had 11 spell levels left.
You didn't know any spells.
Your spell library contained the following spells:

 Spells                   Type           Power        Failure   Level  Hunger
 Beastly Appendage        Tmut           #.....       95%         1    ##.....
 Sticks to Snakes         Tmut           #.......     99%         2    ###....
 Spider Form              Tmut/Pois      #.........   100%        3    ####...
 Ice Form                 Ice/Tmut       #.......     100%        4    #####..
 Blade Hands              Tmut           #.........   100%        5    ######.


Dungeon Overview and Level Annotations

Branches:
Dungeon (11/15)            Temple (1/1) D:6            Lair (1/6) D:9
    Orc: D:9-12

Altars:
Ashenzari
Dithmenos
Fedhas
Gozag
Hepliaklqana
Kikubaaqudgha
Ru
Sif Muna
Trog
Uskayaw
Zin
The Shining One

Shops:
D:4 !   D:5 !%[   D:9 *(=[[   D:10 ?

Portals:
Trove: D:10 (give +6 ice dragon scales)


Message History

The 12-headed hydra bites you! You block the 12-headed hydra's attack.
The 12-headed hydra bites you. The 12-headed hydra bites you!
* * * LOW HITPOINT WARNING * * *
The 12-headed hydra bites you!
* * * LOW HITPOINT WARNING * * *
You block the 12-headed hydra's attack. The 12-headed hydra bites you.
* * * LOW HITPOINT WARNING * * *
The 12-headed hydra barely misses you.
Your orc warrior hits the 12-headed hydra with a +0 hand axe!
Your orc warrior lops one of the 12-headed hydra's heads off!
The 11-headed hydra grows two more!
Bogwik barely misses the 13-headed hydra.
Aiming: Cloud Cone
Press: ? - help, Dir - move target cursor You create a blast of noxious fumes!
The black mamba bites Bogwik but does no damage.
The 13-headed hydra bites you!
* * * LOW HITPOINT WARNING * * *
You block the 13-headed hydra's attack. x2; The 13-headed hydra bites you!
You die...

##.#
#.....#######..
#.# #......# #..
#.###........
#..
#..###.....##
#.# #.## #.. #.#
... #.## ....
#..## #D@.#
#P..§§Soo......#
#...§.#..####.##
#.........
#..........
##≈..#######
#♣≈. ≈♣


You could see a 13-headed hydra, a black mamba, the friendly Bogwik the orc
knight and a friendly orc warrior.

Vanquished Creatures
  Josephine (D:10)
  A centaur warrior (D:9)
  A two-headed ogre (D:10)
  Joseph (D:7)
  A centaur skeleton (D:10)
  A hornet (D:9)
  2 trolls
  3 wraiths
  12 yaks
  A hungry ghost (D:9)
  2 water moccasins
  Duvessa (D:7)
  A black bear (D:10)
  2 ice beasts
  3 orc warriors
  2 sky beasts
  2 phantoms
  2 necrophages
  8 wolves
  3 centaurs
  3 ogres
  3 bullfrogs
  Dowan (D:7)
  A wyvern skeleton (D:9)
  4 scorpions
  7 wights
  8 killer bees
  An electric eel (D:9)
  4 howler monkeys
  7 crimson imps
  A quasit (D:7)
  An orc priest (D:7)
  8 hounds
  9 orc wizards
  2 bullfrog skeletons
  Jessica (D:2)
  5 iguanas
  4 worker ants
  A worker ant zombie (D:8)
  4 gnolls (D:9)
  15 adders
  A howler monkey skeleton (D:10)
  4 shadow imps
  An ooze (D:2)
  An adder skeleton (D:4)
  4 worms
  A dart slug (D:1)
  9 leopard geckos
  21 orcs
  7 bats
  10 giant cockroaches
  9 goblins
  14 hobgoblins
  21 jackals
  2 quokkas
  5 frilled lizards
  11 kobolds
  A leopard gecko skeleton (D:4)
  A quokka skeleton (D:4)
  11 rats
274 creatures vanquished.

Vanquished Creatures (collateral kills)
  2 hydras (D:11)
  A cyclops (D:11)
  A gargoyle (D:11)
  A spiny frog (Lair:1)
  5 yaks
  A wraith (D:10)
  An acid dragon (D:11)
  A wolf (D:9)
  A black bear (D:9)
  2 ogres
  A big kobold (D:11)
  A bullfrog (D:9)
  A scorpion (D:11)
  2 killer bees (D:11)
  A howler monkey (D:10)
  A crimson imp (D:10)
  A hound (D:9)
  A jelly (D:11)
  2 orc wizards (D:11)
  A centaur skeleton (D:11)
  An iguana (D:11)
  3 worker ant zombies
  An adder (D:11)
  A shadow imp (D:9)
  3 orcs
  3 kobolds (D:11)
  2 fungi (Lair:1)
42 creatures vanquished.

Vanquished Creatures (others)
  3 orc priests (D:11)
  4 orc warriors
  An orc wizard (D:10)
  A hound (D:9)
  13 orcs
22 creatures vanquished.

Grand Total: 338 creatures vanquished

Notes
Turn   | Place    | Note
-------+----------+-------------------------------------------
     0 | D:1      | Delamore the Hill Orc Monk began the quest for the Orb.
     0 | D:1      | Reached XP level 1. HP: 19/19 MP: 1/1
   163 | D:1      | Reached XP level 2. HP: 21/27 MP: 2/2
   435 | D:1      | Reached skill level 5 in Axes
   435 | D:1      | Reached XP level 3. HP: 30/33 MP: 3/3
  1116 | D:2      | Reached XP level 4. HP: 31/40 MP: 4/4
  1277 | D:2      | Reached skill level 6 in Axes
  1278 | D:2      | Noticed Jessica
  1288 | D:2      | Killed Jessica
  1864 | D:3      | Reached skill level 7 in Axes
  1864 | D:3      | Reached XP level 5. HP: 27/46 MP: 5/5
  2482 | D:3      | Reached skill level 8 in Axes
  2884 | D:3      | Found an ancient bone altar of Kikubaaqudgha.
  2887 | D:3      | Found a blossoming altar of Fedhas.
  2990 | D:3      | Reached XP level 6. HP: 50/52 MP: 6/6
  3657 | D:4      | Reached skill level 1 in Armour
  3798 | D:4      | You fall into a shaft and drop 3 floors!
  3834 | D:7      | Reached skill level 9 in Axes
  4243 | D:5      | Entered Level 5 of the Dungeon
  4476 | D:5      | Found Xerietuc's Antique Armour Boutique.
  4484 | D:5      | Reached XP level 7. HP: 52/58 MP: 7/7
  4497 | D:5      | Found Mudimn's Food Shop.
  4641 | D:5      | Found Uwof Ere's Distillery.
  4645 | D:5      | Bought a potion of heal wounds for 55 gold pieces
  4983 | D:4      | Found Miaclehe's Distillery.
  5019 | D:4      | Bought a potion of degeneration for 11 gold pieces
  5331 | D:4      | Bought a potion of might for 44 gold pieces
  5655 | D:4      | Got a bloodstained hand axe
  5656 | D:4      | Identified the +6 hand axe "Jaogg" {vamp, rPois rC+ Dex+4}
                  | (You found it on level 4 of the Dungeon)
  5662 | D:4      | Became a worshipper of Beogh the Brigand
  5662 | D:4      | Reached * piety under Beogh
  5662 | D:4      | Reached ** piety under Beogh
  5670 | D:4      | Reached skill level 10 in Axes
  5897 | D:6      | Reached XP level 8. HP: 64/66 MP: 8/8
  6057 | D:6      | Reached skill level 11 in Axes
  6062 | D:6      | Noticed a troll
  6070 | D:6      | Killed a troll
  6070 | D:6      | Reached skill level 1 in Shields
  6216 | D:6      | Reached skill level 12 in Axes
  6359 | D:6      | Found a staircase to the Ecumenical Temple.
  6395 | D:6      | Found a glowing golden altar of the Shining One.
  6395 | D:6      | Found an opulent altar of Gozag.
  6560 | Temple   | Entered the Ecumenical Temple
  6597 | D:7      | Noticed Joseph
  6616 | D:7      | Killed Joseph
  6616 | D:7      | Reached skill level 13 in Axes
  6616 | D:7      | Reached XP level 9. HP: 71/71 MP: 9/9
  6683 | D:7      | Reached *** piety under Beogh
  6799 | D:7      | Found a sacrificial altar of Ru.
  6884 | D:7      | Noticed Duvessa
  6884 | D:7      | Noticed Dowan
  6906 | D:7      | Killed Duvessa
  6916 | D:7      | Killed Dowan
  7060 | D:7      | Reached skill level 5 in Shields
  7070 | D:7      | Found a shimmering blue altar of Sif Muna.
  7072 | D:7      | Found a hazy altar of Hepliaklqana.
  7263 | D:8      | Reached skill level 14 in Axes
  7377 | D:8      | Reached skill level 1 in Evocations
  7776 | D:9      | Found Kaes's Armour Boutique.
  7791 | D:9      | Reached XP level 10. HP: 78/78 MP: 10/10
  7852 | D:9      | Reached **** piety under Beogh
  7962 | D:9      | Found a shimmering blue altar of Sif Muna.
  8010 | D:9      | Noticed a centaur warrior
  8033 | D:9      | Killed a centaur warrior
  8033 | D:9      | Reached skill level 5 in Armour
  8065 | D:9      | Found a staircase to the Lair.
  8069 | D:9      | Reached skill level 1 in Invocations
  8085 | D:9      | HP: 1/80 [hornet (13)]
  8086 | D:9      | Gained Olfrun as an ally
  8100 | D:9      | Paralysed by a hornet for 2 turns
  8105 | D:9      | Your ally Olfrun died
  8233 | D:9      | Reached skill level 5 in Fighting
  8240 | D:9      | Found a hide-covered altar of Uskayaw.
  8297 | D:9      | Found Loter's Antique Armour Shop.
  8330 | D:9      | Found Fequyru's Antique Weapon Shop.
  8348 | D:9      | Found Rymib's General Store.
  8351 | D:9      | Bought a potion of lignification for 33 gold pieces
  8405 | D:9      | Found a shattered altar of Ashenzari.
  8516 | D:9      | Got a sparkling golden amulet
  8521 | D:9      | Identified the amulet of Diamired {*Drain +Blink rF- Regen+
                  | SInv} (You found it on level 9 of the Dungeon)
  8608 | D:9      | Found Zugarr's Jewellery Boutique.
  8943 | D:10     | Entered Level 10 of the Dungeon
  9014 | D:10     | Found Roemm's Magic Scroll Shop.
  9040 | D:10     | Noticed Josephine
  9073 | D:10     | Killed Josephine
  9073 | D:10     | Reached XP level 11. HP: 13/91 MP: 12/12
  9277 | D:10     | Reached ***** piety under Beogh
  9278 | D:10     | Reached skill level 15 in Axes
  9305 | D:10     | Noticed a two-headed ogre
  9318 | D:10     | Killed a two-headed ogre
  9356 | D:10     | Gained Bogdar as an ally
  9561 | D:10     | Found a portal to a secret trove of treasure.
 10165 | D:11     | Noticed an eight-headed hydra
 10195 | D:11     | Reached skill level 10 in Shields
 10202 | D:11     | Noticed a cyclops
 10212 | D:11     | Killed a cyclops
 10274 | D:11     | Killed an eight-headed hydra
 10351 | D:11     | Noticed a six-headed hydra
 10362 | D:11     | Your ally Bogdar died
 10363 | D:11     | Killed an 11-headed hydra
 11171 | Lair:1   | Entered Level 1 of the Lair of Beasts
 11349 | Lair:1   | Gained Bogwik as an ally
 11373 | Lair:1   | Reached XP level 12. HP: 96/106 MP: 14/14
 11392 | Lair:1   | Noticed a six-headed hydra
 11405 | Lair:1   | HP: 4/106 [13-headed hydra (9)]
 11405 | Lair:1   | Slain by a 13-headed hydra

Levels and vault maps discovered:
D:1:      giann_horns, layout_loops_ring
D:2:      layout_loops_ring, uniq_jessica
D:3:      layout_basic, grunt_temple_overflow_growth_and_decay
D:4:      layout_gridville, first_ration, serial_shops, shop
D:5:      layout_basic, serial_shops, nicolae_shop_behind_doors,
          nicolae_shop_crystal, nicolae_shop_stone, serial_glass,
          glass_columns_a, glass_columns_a
D:6:      layout_rooms, gammafunk_temple_overflow_elements,
          minmay_temple_entry_junction, minmay_manual_macuahuitl
D:7:      layout_rooms, kennysheep_little_box, nicolae_overflow_hidden_temple,
          grunt_ogre_cave, uniq_joseph, uniq_duvessa
D:8:      layout_basic
D:9:      layout_loops_ring, eat_drink_and_be_merry_uskayaw,
          evilmike_ruin_ashenzari, erik_lair_island, serial_shops,
          kennysheep_mini_moat, kennysheep_mini,
          nicolae_shop_temple_entry_statues_fountains, nicolae_shop_crystal,
          shop, kennysheep_decorative_pillar, minmay_misc_feat_x,
          lemuel_tele_altar
D:10:     layout_basic, nicolae_trove_entry_diagonal, serial_shops,
          nicolae_shop_trees, uniq_josephine
D:11:     layout_rooms
Temple:   cyrus_circular_temple
Lair:1:   layout_loops_ring, serial_rivers, chequers_serial_rivers_small_3,
          chequers_serial_rivers_room_a, chequers_serial_rivers_small_b,
          chequers_serial_rivers_room_b, chequers_serial_rivers_micro_b,
          serial_bayou_pond_d, lemuel_old_faithful

Skill      XL: |  1  2  3  4  5  6  7  8  9 10 11 |
---------------+----------------------------------+-----
Axes           | 5 7 8 9 10 13 14 15 | 15.3
Armour         | 2 4 6 7 |  7.4
Shields        | 3 6 9 10 | 10.7
Evocations     | 1 |  1.7
Fighting       | 6 9 |  9.6
Invocations    | 1 3 |  3.1
Dodging        | |  2.6
Stealth        | |  1.6

Action                   |  1- 3 |  4- 6 |  7- 9 | 10-12 || total
-------------------------+-------+-------+-------+-------++-------
Melee: Hand axe          |   123 |   282 |   417 |   415 ||  1237
Throw: Throwing net      |       |       |     1 |     2 ||     3
       Dart              |       |       |       |    36 ||    36
Invok: Convert to Beogh  |       |       |     1 |       ||     1
       Smiting           |       |       |       |     9 ||     9
       Recall Orcish Fol |       |       |       |     2 ||     2
Evoke: Wand              |       |       |     3 |     9 ||    12
  Use: Potion            |       |       |     1 |     5 ||     6
       Scroll            |       |       |     8 |     9 ||    17
 Stab: Sleeping          |     6 |     3 |     3 |     1 ||    13
       Distracted        |       |       |     1 |     6 ||     7
  Eat: Chunk             |     1 |    11 |    10 |    10 ||    32
       Ration            |       |       |       |     1 ||     1
Armor: Robe              |    30 |    13 |       |       ||    43
       Ring mail         |       |    70 |    66 |       ||   136
       Troll leather arm |       |       |    32 |    64 ||    96
Dodge: Dodged            |    95 |   157 |   113 |   100 ||   465
Block: Large shield      |       |       |   142 |   287 ||   429
